 Dungeon Crawl Stone Soup version 0.28.0-56-g4927b6849a (webtiles) character file.

Game seed: 15510928755056572653

538 Atelerd the Sneak (level 7, 0/42 HPs)
             Began as an Octopode Earth Elementalist on Jan 28, 2023.
             Killed from afar by a white imp (9 damage)
             ... with a puff of frost
             ... on level 5 of the Dungeon.
             The game lasted 00:07:04 (4395 turns).

Atelerd the Sneak (Octopode Earth Elementalist)     Turns: 4395, Time: 00:07:05

Health: 0/42       AC:  2    Str:  8    XL:     7   Next: 26%
Magic:  5/12       EV: 28    Int: 19    God:
Gold:   140        SH:  0    Dex: 12    Spells: 8/13 levels left

rFire   . . .      SeeInvis .   d - +0 dagger
rCold   . . .      Faith    .   (no shield)
rNeg    . . .      Spirit   .   q - +1 hat
rPois   .          Reflect  .   u - amulet of the acrobat
rElec   .          Harm     .   (no ring)
rCorr   .          Rampage  .   (no ring)
Will    .....                   (no ring)
Stlth   ++++......              (no ring)
HPRegen 0.14/turn               (no ring)
MPRegen 0.13/turn               (no ring)
                                (no ring)
                                (no ring)

@: acrobatic, slightly contaminated, hasted, very quick
A: almost no armour, amphibious, 8 rings, camouflage 1, gelatinous body 1,
(nimble swimmer 1), tentacles
a: no special abilities


You were on level 5 of the Dungeon.
You visited 1 branch of the dungeon, and saw 5 of its levels.

You collected 140 gold pieces.

Inventory:

Hand Weapons
 d - a +0 dagger (weapon)
Missiles
 b - 31 stones
Armour
 q - a +1 hat (worn)
Jewellery
 o - a ring of ice
 r - an amulet of guardian spirit
 u - an amulet of the acrobat (around mantle)
Wands
 n - a wand of polymorph (16)
Scrolls
 a - 4 scrolls of teleportation {unknown}
 c - a scroll of amnesia {unknown}
 h - a scroll of silence {unknown}
 l - 2 scrolls of fog {unknown}
 p - a scroll of holy word {unknown}
 s - a scroll of acquirement {unknown}
 t - a scroll of fear {unknown}
Potions
 e - a potion of magic {unknown}
 f - 3 potions of curing {unknown}
 i - 2 potions of degeneration {unknown}
 j - a potion of attraction {unknown}
 k - a potion of heal wounds {unknown}
 m - 2 potions of ambrosia {unknown}


   Skills:
 - Level 0.3 Fighting
 - Level 2.0 Short Blades
 - Level 2.0 Dodging
 - Level 5.0 Stealth
 + Level 3.9 Spellcasting
 + Level 3.2 Transmutations
 - Level 5.0 Earth Magic


You had 8 spell levels left.
You knew the following spells:

 Your Spells              Type           Power      Damage    Failure   Level
a - Sandblast             Erth           44%        2d11      1%          1
p - Petrify               Tmut/Erth      19%        N/A       26%         4

Your spell library contained the following spells:

 Spells                   Type           Power      Damage    Failure   Level
 Passwall                 Tmut/Erth      15%        N/A       3%          2
 Animate Skeleton         Necr           6%         N/A       14%         1
 Apportation              Tloc           6%         N/A       14%         1
 Foxfire                  Conj/Fire      12%        2x1d4     14%         1
 Summon Small Mammal      Summ           12%        N/A       14%         1
 Stone Arrow              Conj/Erth      26%        3d8       16%         3
 Corpse Rot               Necr/Air       6%         N/A       22%         2
 Conjure Flame            Conj/Fire      3%         6-21      38%         3
 Inner Flame              Hex/Fire       3%         N/A       38%         3
 Dispel Undead            Necr           3%         3d7       80%         4
 Flame Wave               Conj/Fire      3%         2d4       80%         4
 Death Channel            Necr           1%         N/A       100%        6


Dungeon Overview and Level Annotations

Branches:
Dungeon (5/15)
 Temple: D:4-7

Altars:

Shops:
D:1 *

Annotations:
D:1 exclusion: downstairs
D:2 exclusion: downstairs
D:4 Sigmund


Innate Abilities, Weirdness & Mutations

You cannot wear most types of armour.
You are amphibious.
You can wear up to eight rings at the same time.
Your skin changes colour to match your surroundings (Stealth+).
Your rubbery body absorbs attacks. (AC +1, EV +1)
((You are camouflaged when in or above water. (Stealth+)))
You have tentacles for arms and can constrict up to eight enemies at once.


Message History

Press: ? - help, Shift-Dir - straight line, f/p - orc warrior
Aim: an orc warrior, wielding a +0 short sword and wearing a +0 chain mail (moderately wounded, will become a bullfrog, a steam dragon, or a worm, chance to affect: 49%)
The orc warrior evaporates and reforms as a steam dragon!
The steam dragon bites you! The steam dragon misses you.
Aiming: Polymorph
Press: ? - help, Shift-Dir - straight line, f/p - steam dragon
Aim: a steam dragon (lightly wounded, will become a fire bat, a swamp drake, or a wyvern, chance to affect: 49%)
Okay, then.
You feel yourself speed up. The steam dragon closely misses you.
The steam dragon barely misses you.
Casting: Sandblast (safe; 1% risk of failure)
Confirm with . or Enter, or press ? or * to list all spells.
The spell is quite dangerous to miscast (26% risk of failure)!
Continue anyway?
Aiming: Petrify (quite dangerous; 26% risk of failure)
Press: ? - help, Shift-Dir - straight line, f/p - steam dragon
Aim: a steam dragon (lightly wounded, chance to affect: 51%)
You miscast Petrify.
You are very lightly contaminated with residual magic.
Rocks fall onto you out of nowhere.
Unknown command.
Casting: Petrify (quite dangerous; 26% risk of failure)
Confirm with . or Enter, or press ? or * to list all spells.
The spell is quite dangerous to miscast (26% risk of failure)!
Continue anyway?
Aiming: Petrify (quite dangerous; 26% risk of failure)
Press: ? - help, Shift-Dir - straight line, f/p - steam dragon
Aim: a steam dragon (lightly wounded, chance to affect: 51%)
You miscast Petrify.
Your body is flooded with distortional energies.
You are lightly contaminated with residual magic.
The steam dragon breathes steam at you. The ball of steam hits you!
* * * LOW HITPOINT WARNING * * *
An ogre comes into view. It is wielding a +0 giant club.
Found a blackened silver wand and 9 gold pieces.
A white imp comes into view.
Found 20 gold pieces.
The white imp shouts!
You hear a shout! x2
The white imp gestures at you. The puff of frost hits you!
You die...

....# ....# ....o#
#.....# ......#####
..o..##...##
#....##....##+#######'##
...##.................
..#..........@.......
.##...............5$
##....##'#######'##
####+##...##...#
#....##..##.....#
..D..o.D.#.../...#
.........#...O...#
..o......#...$...#
##...###+#


You could see a white imp.

Vanquished Creatures
  An ogre (D:4)
  A scorpion (D:3)
  2 orc priests
  A hound (D:5)
  Ijyb (D:3)
  Terence (D:3)
  Natasha (thrice) (D:2)
  An iguana (D:5)
  An orc wizard (D:3)
  Robin (D:3)
  2 adders (D:2)
  2 worms (D:3)
  A dart slug (D:3)
  10 orcs
  4 endoplasms
  11 goblins
  4 hobgoblins
  8 jackals
  A quokka (D:2)
  7 ball pythons
  11 bats
  12 frilled lizards
  6 kobolds
  6 rats
98 creatures vanquished.

Vanquished Creatures (others)
  7 plants (D:2)
7 creatures vanquished.

Grand Total: 105 creatures vanquished

Notes
Turn   | Place    | Note
-------+----------+-------------------------------------------
     0 | D:1      | Atelerd the Octopode Earth Elementalist began the quest for
                  | the Orb.
     0 | D:1      | Reached XP level 1. HP: 11/11 MP: 3/3
   184 | D:1      | Found Dochof's Assorted Antiques.
   310 | D:1      | Reached XP level 2. HP: 17/17 MP: 3/5
  1269 | D:2      | Reached XP level 3. HP: 21/21 MP: 1/6
  1577 | D:2      | Noticed Natasha
  1581 | D:2      | Killed Natasha
  1582 | D:2      | Reached XP level 4. HP: 23/27 MP: 5/7
  1857 | D:2      | Found a faded altar of an unknown god.
  1874 | D:2      | Noticed Natasha
  1895 | D:2      | Killed Natasha
  2123 | D:2      | Noticed Natasha
  2126 | D:2      | Killed Natasha
  2127 | D:2      | Reached XP level 5. HP: 31/31 MP: 4/8
  2894 | D:3      | Noticed Ijyb
  2901 | D:3      | Learned a level 4 spell: Petrify
  3238 | D:3      | Noticed Terence
  3257 | D:3      | Killed Terence
  3258 | D:3      | Reached XP level 6. HP: 37/37 MP: 3/10
  3437 | D:3      | Killed Ijyb
  3438 | D:3      | Reached skill level 1 in Short Blades
  3597 | D:3      | Reached skill level 5 in Stealth
  3721 | D:3      | Identified the +1 helmet of Gallantry {Harm Str+3}
  3721 | D:3      | Noticed Robin
  3727 | D:3      | Killed Robin
  4031 | D:4      | Reached skill level 5 in Earth Magic
  4031 | D:4      | Reached XP level 7. HP: 42/42 MP: 7/12
  4096 | D:4      | Noticed Sigmund
  4099 | D:5      | Entered Level 5 of the Dungeon
  4370 | D:5      | Noticed a steam dragon
  4370 | D:5      | an orc warrior changed into a steam dragon
  4395 | D:5      | Killed from afar by a white imp

Illustrated notes

Levels and vault maps discovered:
D:1:      dpeg_arrival_brainrot, layout_basic, serial_shops,
          nicolae_shop_crystal, hex_medium, nicolae_figureground_pulse
D:2:      layout_loops_ring, shapermc_ecumenical_altar_ellora,
          minmay_lizard_king, uniq_natasha
D:3:      minmay_wonky_spiral, layout_basic, uniq_ijyb, uniq_robin, uniq_terence
D:4:      cheibrodos_greedy_goblins, layout_cave_pools,
          gammafunk_temple_overflow_elements, uniq_sigmund
D:5:      kennysheep_six_static_rooms, layout_gridville

Skill      XL: |  1  2  3  4  5  6  7 |
---------------+----------------------+-----
Stealth        | 3 4 5 |  5.0
Earth Magic    | 4 5 |  5.0
Transmutations | 2 3 |  3.2
Spellcasting   | 3 |  3.9
Short Blades   | 2 |  2.0
Fighting       | |  0.3
Dodging        | |  2.0

Action                   |  1- 3 |  4- 6 |  7- 9 || total
-------------------------+-------+-------+-------++-------
Melee: Unarmed           |     1 |     3 |       ||     4
       Dagger            |    28 |    60 |     3 ||    91
       Constrict         |     7 |    17 |     1 ||    25
       Tentacles         |     5 |    12 |     1 ||    18
       Punch             |       |     3 |       ||     3
 Cast: Sandblast         |    24 |    68 |    16 ||   108
       Petrify           |       |     3 |       ||     3
Evoke: Wand              |       |       |     1 ||     1
  Use: Potion            |       |       |     1 ||     1
 Stab: Sleeping          |     7 |     6 |     1 ||    14
       Petrified         |       |     6 |       ||     6
Armor: Skin              |     3 |     6 |       ||     9
Dodge: Dodged            |    25 |    78 |    13 ||   116
